 Dungeon Crawl Stone Soup version 0.28-a0-265-g048bc9fd10 (webtiles) character file.

Game seed: 588536486616480174

119 desmos the Cudgeller (level 5, -1/47 HPs)
             Began as a Hill Orc Berserker on Aug 27, 2021.
             Was a Believer of Trog.
             Killed from afar by Ijyb (6 damage)
             ... with a puff of flame
             ... on level 4 of the Dungeon on Aug 28, 2021.
             The game lasted 00:25:59 (2693 turns).

desmos the Cudgeller (Hill Orc Berserker)           Turns: 2693, Time: 00:25:59

Health: -1/47      AC:  3    Str: 21    XL:     5   Next: 3%
Magic:  5/5        EV: 11    Int:  7    God:    Trog [**....]
Gold:   157        SH:  0    Dex: 10    Spells: 4/4 levels left

rFire   . . .      SeeInvis .   a - +0 mace
rCold   . . .      Faith    .   (no shield)
rNeg    . . .      Spirit   .   m - +0 leather armour
rPois   +          Reflect  .   (no helmet)
rElec   .          Harm     .   (no cloak)
rCorr   .          Rampage  .   (no gloves)
Will    ++...                   (no boots)
Stlth   +.........              (no amulet)
HPRegen 1.15/turn               c - ring of poison resistance
MPRegen 0.09/turn               (no ring)

@: strong-willed, on berserk cooldown, regenerating, slowed, very slow
A: no striking features
a: Renounce Religion, Berserk, Trog's Hand


You were on level 4 of the Dungeon.
You worshipped Trog.
Trog was pleased with you.
You visited 1 branch of the dungeon, and saw 4 of its levels.

You collected 157 gold pieces.

Inventory:

Hand Weapons
 a - a +0 mace (weapon)
 f - a +0 hunting sling
 h - a +0 hand axe
Missiles
 e - 74 stones (quivered)
 l - 35 sling bullets
 u - 2 boomerangs of dispersal
Armour
 b - a +0 animal skin
 m - a +0 leather armour (worn)
Jewellery
 c - a ring of poison resistance (left hand)
Wands
 j - a wand of paralysis (20)
 q - a wand of digging (6)
Scrolls
 d - a scroll of identify {unknown}
 o - 3 scrolls of magic mapping {unknown}
 p - a scroll of fog {unknown}
 s - a scroll of vulnerability {unknown}
Potions
 g - a potion of flight {unknown}
 i - a potion of degeneration {unknown}
 k - a potion of invisibility {unknown}
 n - 2 potions of curing {unknown}
 r - a potion of heal wounds {unknown}
 t - a potion of mutation {unknown}


   Skills:
 + Level 4.5 Fighting
 * Level 4.9 Maces & Flails
 + Level 3.2 Armour
 - Level 1.5 Dodging


You had 4 spell levels left.
You didn't know any spells.
Your spell library contained the following spells:

 Spells                   Type           Power      Damage    Failure   Level
 Sandblast                Erth           0%         2d4       47%         1
 Passwall                 Tmut/Erth      0%         N/A       63%         2
 Lee's Rapid Deconstruct  Erth           0%         3d5*      100%        5


Dungeon Overview and Level Annotations

Branches:
Dungeon (4/15)
 Temple: D:4-7

Altars:

Shops:
D:1 =[   D:4 (

Annotations:
D:4 Ijyb


Message History

You feel yourself slow down. Ijyb hits you but does no damage.
You barely miss Ijyb.
Ijyb is heavily wounded.
Ijyb closely misses you. x2
You hit Ijyb.
Ijyb is heavily wounded.
Ijyb closely misses you. Ijyb screams, "Me kill you!"
Ijyb zaps a wand.
The puff of flame misses you.
You hit Ijyb but do no damage.
Ijyb is heavily wounded.
Ijyb closely misses you.
Ijyb zaps a wand.
The puff of flame hits you!
You barely miss Ijyb.
Ijyb is heavily wounded.
Ijyb barely misses you.
You hit Ijyb but do no damage.
Ijyb is heavily wounded.
Ijyb hits you with a +0 club. Ijyb closely misses you.
You hit Ijyb but do no damage.
Ijyb is heavily wounded.
Ijyb hits you with a +0 club. Ijyb barely misses you.
You hit Ijyb but do no damage.
Ijyb is heavily wounded.
Ijyb hits you but does no damage.
Ijyb zaps a wand.
The puff of flame hits you!
You closely miss Ijyb.
Ijyb is heavily wounded.
Ijyb hits you with a +0 club.
You barely miss Ijyb.
Ijyb is heavily wounded.
Ijyb hits you with a +0 club.
Ijyb zaps a wand.
The puff of flame hits you!
* * * LOW HITPOINT WARNING * * *
Your skin crawls.
You feel strong-willed.
Ijyb screams, "Die!"
Ijyb closely misses you. Ijyb hits you with a +0 club.
* * * LOW HITPOINT WARNING * * *
Ijyb zaps a wand.
The puff of flame hits you.
* * * LOW HITPOINT WARNING * * *
Ijyb zaps a wand.
The puff of flame hits you.
You die...

##########......#
........$#......+
.........#......#
.........#......#
.......g.#......+
......$..#......#
.........8...8...
.........@......#
.#######.<.∩.>..#
#..!.....#
##8...8..#
#.......#
#+#######


You could see Ijyb.

Vanquished Creatures
  Jessica (D:2)
  4 adders
  A worm (D:3)
  7 bats
  4 endoplasms
  2 giant cockroaches
  6 goblins
  4 hobgoblins
  4 jackals (D:2)
  A quokka (D:1)
  4 ball pythons
  4 frilled lizards
  9 kobolds
  2 rats
53 creatures vanquished.

Notes
Turn   | Place    | Note
-------+----------+-------------------------------------------
     0 | D:1      | desmos the Hill Orc Berserker began the quest for the Orb.
     0 | D:1      | Reached XP level 1. HP: 19/19 MP: 1/1
   134 | D:1      | Reached XP level 2. HP: 9/27 MP: 2/2
   438 | D:1      | Found a faded altar of an unknown god.
   549 | D:1      | Found Nyof's Armour Shop.
   573 | D:1      | Found Galupuy's Jewellery Shop.
   929 | D:2      | Reached XP level 3. HP: 18/33 MP: 3/3
  1510 | D:2      | Reached XP level 4. HP: 22/40 MP: 4/4
  1672 | D:2      | Noticed Jessica
  1678 | D:2      | Killed Jessica
  1891 | D:2      | Reached ** piety under Trog
  2422 | D:3      | Reached XP level 5. HP: 47/47 MP: 5/5
  2675 | D:4      | Noticed Ijyb
  2675 | D:4      | Found Tutyecw's Weapon Emporium.
  2693 | D:4      | Killed from afar by Ijyb

Illustrated notes

Levels and vault maps discovered:
D:1:      lemuel_arrival_behind_the_door_large, layout_rooms, serial_shops,
          nicolae_shop_crystal, nicolae_shop_trees,
          hellmonk_ecumenical_altar_lost_god
D:2:      layout_loops_ring, uniq_jessica
D:3:      minmay_wonky_spiral, layout_basic, hex_intersection, moated_statue
D:4:      layout_basic, serial_shops, kennysheep_little_box, shop,
          nicolae_stop_n_shop_2, uniq_blork_the_orc, uniq_ijyb, uniq_grinder

Skill      XL: |  1  2  3  4 |
---------------+-------------+-----
Fighting       | 4 |  4.5
Maces & Flails | 4 |  4.9
Armour         | 3 |  3.2
Dodging        | |  1.5

Action                   |  1- 3 |  4- 6 || total
-------------------------+-------+-------++-------
Melee: Mace              |   120 |    62 ||   182
Throw: Stone             |       |     2 ||     2
Invok: Berserk           |     3 |     1 ||     4
       Trog's Hand       |       |     1 ||     1
 Stab: Sleeping          |     2 |     2 ||     4
Armor: Animal skin       |    31 |       ||    31
       Leather armour    |       |     9 ||     9
Dodge: Dodged            |    71 |    27 ||    98

Table legend: (Time is in decaauts)
 A = Elapsed time spent in this place.
 B = Non-inter-level travel time spent in this place.
 C = Inter-level travel time spent in this place.
 D = Time resting spent in this place.
 E = Time spent auto-exploring this place.
 F = Levels seen in this place.
 G = Mean time per level.
                   A        B        C        D        E       F      G
               +--------+--------+--------+--------+--------+-----+--------+
         Total |   2770 |   2702 |     68 |    623 |   1204 |   4 |  692.5 |
       Dungeon |   2770 |   2702 |     68 |    623 |   1204 |   4 |  692.5 |
               +--------+--------+--------+--------+--------+-----+--------+

Top non-repeatable levels by time:
     D:2: 1259 daAuts
     D:1: 779 daAuts
     D:3: 707 daAuts
     D:4: 24 daAuts
